AoeStats
← Rattack

Arabian Desert

510047719Analyzed
1v1 RM · 4d ago on Sep 29, 2026· 17m 44s· 2 players
Game mode
Random Map
Map size
Tiny (2 player)
Population
200
Speed
Normal
Resources
Standard
Victory
Conquest
Starting age
Dark Age
Ending age
Imperial Age
RankedLock teamsTeams togetherTeam positionsShared explorationLock speedFull tech treeHidden civsTurbo modeCheats
Victory
Defeat
🇫🇮 Berbers · Finland
1566
+20
🇩🇪 Cumans · Germany
1650
-20
Rattack
7:34 Loom
9:57 Feudal Age
10:07 Man-at-Arms
13:43 Double-Bit Axe
18:50 Wheelbarrow
Shania Twain
6:17 Loom
8:59 Feudal Age
9:41 Double-Bit Axe
15:02 Wheelbarrow
17:12 Fletching
Connection lost

Rejoining the realm…

Still unreachable

The connection could not be restored.

Session expired

The server has moved on; the page needs a fresh start.